 Dungeon Crawl Stone Soup version 0.29-a0-477-g62b78b4225 (webtiles) character file.

Game seed: 17024323303925365187

53 Colgate the Cutter (level 4, 0/26 HPs)
             Began as a Kobold Brigand on May 25, 2022.
             Was a Follower of Nemelex Xobeh.
             Succumbed to an adder's poison
             ... on level 2 of the Dungeon.
             The game lasted 00:03:31 (1583 turns).

Colgate the Cutter (Kobold Brigand)                 Turns: 1583, Time: 00:03:31

Health: 0/26       AC:  3    Str:  8    XL:     4   Next: 10%
Magic:  4/4        EV: 14    Int: 12    God:    Nemelex Xobeh [*.....]
Gold:   129        SH:  0    Dex: 18    Spells: 3/3 levels left

rFire   . . .      SeeInvis .   a - +2 dagger
rCold   . . .      Faith    .   (no shield)
rNeg    . . .      Spirit   .   h - +0 robe
rPois   .          Reflect  .   (no helmet)
rElec   .          Harm     .   c - +0 cloak
rCorr   .          Rampage  .   (no gloves)
Will    .....                   (no boots)
Stlth   ++++......              (no amulet)
HPRegen 0.08/turn               (no ring)
MPRegen 0.09/turn               (no ring)

@: lethally poisoned (0 -> -5)
A: small, no large weapons, nightstalker 3
a: Renounce Religion, Draw Escape, Draw Destruction, Draw Summoning


You were on level 2 of the Dungeon.
You worshipped Nemelex Xobeh.
Nemelex Xobeh was aware of your devotion.
You visited 1 branch of the dungeon, and saw 2 of its levels.

You collected 129 gold pieces.

Inventory:

Hand Weapons
 a - a +2 dagger (weapon)
 b - a +2 spear of freezing
Missiles
 d - 12 poisoned darts (quivered)
 e - 3 curare-tipped darts
Armour
 c - a +0 cloak (worn)
 h - a +0 robe (worn)
 l - an orb of light
Scrolls
 g - a scroll of identify {unknown}
 i - a scroll of poison {unknown}
 j - a scroll of immolation {unknown}
 k - a scroll of amnesia {unknown}
Potions
 f - 2 potions of heal wounds {unknown}
 m - a potion of berserk rage {unknown}


   Skills:
 - Level 2.1 Fighting
 + Level 5.4 Short Blades
 - Level 2.1 Throwing
 - Level 1.2 Dodging
 - Level 5.3 Stealth


You had 3 spell levels left.
You didn't know any spells.
Your spell library was empty.

Dungeon Overview and Level Annotations

Branches:
Dungeon (2/15)

Altars:
Nemelex Xobeh
Okawaru


Innate Abilities, Weirdness & Mutations

You are small and have problems with some larger weapons.
You are completely attuned to the shadows.


Message History

A bat comes into view.
Found a stone staircase leading up.
Things that are here:
a +0 club; a goblin corpse
There are monsters nearby!
The helpless frilled lizard fails to defend itself.
You spit the frilled lizard like a pig!!!
You kill the frilled lizard!
A bat is nearby!
A bat is nearby!
There are monsters nearby!
Found a stone staircase leading down.
There are monsters nearby!
The helpless bat fails to defend itself.
You perforate the bat like a sieve!!!
You kill the bat!
The adder barely misses you. The adder closely misses you.
There are monsters nearby!
You closely miss the adder.
There are monsters nearby!
You completely miss the adder. The adder bites you but does no damage.
You hit the adder but do no damage. The adder bites you.
You are poisoned.
The adder poisons you!
You hit the adder.
You feel sick. The adder bites you.
You closely miss the adder.
You feel sick. The adder bites you.
You are more poisoned.
The adder poisons you!
A kobold comes into view. It is wielding a +1 whip of venom.
The kobold shouts!
You hit the adder.
You feel sick. The adder misses you. The worm bites you!
You miss the adder.
You feel sick. The adder closely misses you.
You barely miss the adder.
You feel sick. The adder bites you but does no damage. The worm bites you!
* * * LOW HITPOINT WARNING * * *
You hit the adder. The adder closely misses you.
You hit the adder.
You kill the adder!
You die...
Your body glows slightly and disappears.

≈≈P≈≈g≈≈≈
≈≈≈.......#####
.≈≈≈.≈..≈
.........##
≈≈≈≈≈
.........#
≈≈g≈.
##...#####
≈≈≈.≈ #......#
≈≈# ......).#
≈# .##.....# #
....K..#
.#...@.#
.<.†w†..#
........#
........#
.>.......


You could see a worm and a kobold.

Vanquished Creatures
  2 adders (D:2)
  2 dart slugs
  5 bats
  5 endoplasms
  A giant cockroach (D:1)
  2 goblins (D:2)
  3 hobgoblins
  5 ball pythons
  2 frilled lizards
  2 kobolds (D:2)
  2 rats (D:1)
31 creatures vanquished.

Vanquished Creatures (collateral kills)
  An adder (D:2)
1 creature vanquished.

Vanquished Creatures (others)
  16 plants (D:2)
16 creatures vanquished.

Grand Total: 48 creatures vanquished

Notes
Turn   | Place    | Note
-------+----------+-------------------------------------------
     0 | D:1      | Colgate the Kobold Brigand began the quest for the Orb.
     0 | D:1      | Reached XP level 1. HP: 12/12 MP: 1/1
    77 | D:1      | Found a faded altar of an unknown god.
   157 | D:1      | Prayed at the altar of an unknown god.
   157 | D:1      | Became a worshipper of Nemelex Xobeh the Trickster
   157 | D:1      | Reached * piety under Nemelex Xobeh
   189 | D:1      | Reached XP level 2. HP: 17/17 MP: 2/2
   384 | D:1      | Received a gift from Nemelex Xobeh
   840 | D:2      | Reached XP level 3. HP: 21/21 MP: 3/3
   841 | D:2      | Found an iron altar of Okawaru.
  1368 | D:2      | Reached skill level 5 in Short Blades
  1468 | D:2      | Reached XP level 4. HP: 26/26 MP: 4/4
  1581 | D:2      | HP: 1/26 [worm (7)]
  1583 | D:2      | Succumbed to an adder's poison

Illustrated notes

Levels and vault maps discovered:
D:1:      dreamdust_arrival_beginning_and_end, layout_loops_cross,
          hellmonk_ecumenical_altar_arch_garden
D:2:      layout_basic, basic_altar, chequers_big_river

Skill      XL: |  1  2  3 |
---------------+----------+-----
Short Blades   | 3 4 5 |  5.4
Fighting       | |  2.1
Throwing       | |  2.1
Dodging        | |  1.2
Stealth        | |  5.3

Action                   |  1- 3 |  4- 6 || total
-------------------------+-------+-------++-------
Melee: Dagger            |    49 |    14 ||    63
       Punch             |     1 |       ||     1
Invok: Draw Summoning    |     1 |       ||     1
 Stab: Sleeping          |    16 |     3 ||    19
       Distracted        |     1 |       ||     1
Armor: Robe              |     7 |     2 ||     9
Dodge: Dodged            |    14 |     6 ||    20

Table legend: (Time is in decaauts)
 A = Elapsed time spent in this place.
 B = Non-inter-level travel time spent in this place.
 C = Inter-level travel time spent in this place.
 D = Time resting spent in this place.
 E = Time spent auto-exploring this place.
 F = Levels seen in this place.
 G = Mean time per level.
                   A        B        C        D        E       F      G
               +--------+--------+--------+--------+--------+-----+--------+
         Total |   1572 |   1507 |     65 |      0 |   1304 |   2 |  786.0 |
       Dungeon |   1572 |   1507 |     65 |      0 |   1304 |   2 |  786.0 |
               +--------+--------+--------+--------+--------+-----+--------+

Top non-repeatable levels by time:
     D:1: 832 daAuts
     D:2: 740 daAuts
